 Dungeon Crawl Stone Soup version 0.30-a0-953-g5f1da4a474 (webtiles) character file.

Game seed: 16910345697025111137

3665 BigDaddyOpFi the Skirmisher (level 9, -1/81 HPs)
             Began as a Minotaur Hunter on Mar 28, 2023.
             Was an Initiate of Hepliaklqana.
             Slain by a manticore (14 damage)
             ... on level 7 of the Dungeon.
             The game lasted 00:09:21 (10792 turns).

BigDaddyOpFi the Skirmisher (Minotaur Hunter)      Turns: 10792, Time: 00:09:22

Health: -1/81      AC:  9    Str: 17    XL:     9   Next: 89%
Magic:  8/8        EV:  9    Int:  6    God:    Hepliaklqana [......]
Gold:   336        SH:  0    Dex: 17    Spells: 8/8 levels left

rFire   . . .      SeeInvis .    e - +0 triple crossbow
rCold   . . .      Faith    .    (shield currently unavailable)
rNeg    . . .      Spirit   .    h - +0 chain mail
rPois   +          Reflect  .    (helmet restricted)
rElec   .          Rampage  .    (no cloak)
rCorr   .                        (no gloves)
Will    +....                    m - +0 pair of boots Stlth
                                 f - amulet of magic regeneration
HPRegen 0.33/turn                c - ring of willpower
MPRegen 0.51/turn                y - ring of poison resistance

@: spiked
A: horns 2, retaliatory headbutt
a: Renounce Religion


You were on level 7 of the Dungeon.
You worshipped Hepliaklqana.
Hepliaklqana was noncommittal.
You visited 2 branches of the dungeon, and saw 8 of its levels.

You collected 336 gold pieces.

Inventory:

Hand Weapons
 a - a +0 shortbow of freezing
 e - a +0 triple crossbow (weapon)
 k - a +2 short sword of speed
 o - a +4 vampiric spear
Armour
 h - a +0 chain mail (worn)
 m - a +0 pair of boots (worn)
 q - a +0 plate armour
Jewellery
 c - a ring of willpower (left hand)
 f - an amulet of magic regeneration (around neck)
 y - a ring of poison resistance (right hand)
Wands
 n - a wand of digging (8)
 u - a wand of flame (22)
Scrolls
 b - 2 scrolls of immolation
 i - 2 scrolls of teleportation
 j - a scroll of fear
 r - a scroll of amnesia
 x - a scroll of torment {unknown}
Potions
 d - a potion of curing
 g - 2 potions of mutation
 l - 2 potions of degeneration
 p - a potion of flight
 s - a potion of cancellation {unknown}
 t - 2 potions of ambrosia {unknown}
 v - 2 potions of brilliance
 w - a potion of resistance {unknown}
 z - 2 potions of might {unknown}


   Skills:
 + Level 8.1 Fighting
 + Level 6.8 Polearms
 + Level 8.4 Ranged Weapons
 + Level 7.3 Dodging
 + Level 5.8 Stealth
 + Level 1.0 Invocations


You had 8 spell levels left.
You didn't know any spells.
Your spell library contained the following spells:

 Spells                   Type           Power      Damage    Failure   Level
 Apportation              Tloc           0%         N/A       100%        1
 Necrotise                Necr           0%         1d4       100%        1
 Summon Small Mammal      Summ           0%         N/A       100%        1
 Ozocubu's Armour         Ice            0%         N/A       100%        3
 Iskenderun's Battlesphe  Conj           0%         2d6       100%        5
 Iron Shot                Conj/Erth      0%         9d1       100%        6
 Ozocubu's Refrigeration  Ice            0%         4d7       100%        7
 Spellforged Servitor     Conj/Summ      0%         N/A       100%        7


Dungeon Overview and Level Annotations

Branches:
Dungeon (7/15)             Temple (1/1) D:7

Altars:
Ashenzari
Fedhas
Hepliaklqana
Kikubaaqudgha
Okawaru
Qazlal
Ru
Uskayaw
Xom
Yredelemnul

Shops:
D:5 *

Annotations:
D:5 1 runed translucent door


Innate Abilities, Weirdness & Mutations

You have a pair of horns on your head.
You reflexively headbutt those who attack you in melee.


Message History

The barbed spikes become lodged in your body.
The manticore flicks its tail.
The volley of spikes hits you!
The barbed spikes become lodged in your body.
* * * LOW HITPOINT WARNING * * *
Fire: e) +0 triple crossbow
Press: ? - help, Q - select action, (/) - cycle Shift-Dir - straight line, f/p - manticore
Aim: a manticore (heavily wounded, 74% to hit)
You shoot a bolt. The bolt hits the manticore.
The manticore is heavily wounded.
The manticore flicks its tail.
The volley of spikes hits you.
The barbed spikes become lodged in your body.
* * * LOW HITPOINT WARNING * * *
You feel better. The manticore bites you!
* * * LOW HITPOINT WARNING * * *
The manticore misses you.
The manticore claws you but does no damage.
Fire: e) +0 triple crossbow
Press: ? - help, Q - select action, (/) - cycle Shift-Dir - straight line, f/p - manticore
Aim: a manticore (heavily wounded, 74% to hit)
You shoot a bolt. The bolt barely misses the manticore.
The manticore bites you.
* * * LOW HITPOINT WARNING * * *
The manticore closely misses you.
The manticore claws you but does no damage.
The manticore barely misses you. You furiously retaliate!
You headbutt the manticore!
The manticore claws you but does no damage. x2
Fire: e) +0 triple crossbow
Press: ? - help, Q - select action, (/) - cycle Shift-Dir - straight line, f/p - manticore
Aim: a manticore (severely wounded, 74% to hit)
You shoot a bolt. The bolt hits the manticore.
The manticore is severely wounded.
The manticore barely misses you.
The manticore claws you but does no damage. x2
The manticore bites you but does no damage.
The manticore claws you but does no damage. x2
The manticore bites you!
You die...

..#.......# #.# #
#.#.#####.### #.#
###.#.........# #.#
.##.#...###.#.# #.#
..#.#.......#.# #.#
..#.###..##.#.# #.#
..'.#....####.# #.#
..#)#.#.......######.#
..#.)[.........H@....#
.##..#################
###.## # #.# ..# #.##
#. #.


You could see a manticore.

Vanquished Creatures
  Pikel (D:5)
  A troll (D:7)
  Prince Ribbit (D:5)
  Grinder (D:4)
  A shadow (D:7)
  A steam dragon (D:7)
  Edmund (D:5)
  2 ice beasts
  A black bear (D:5)
  2 ogres (D:6)
  3 centaurs
  2 lemures (D:5)
  2 bullfrogs
  A kobold brigand (D:6)
  Blork the orc (D:5)
  A scorpion (D:6)
  5 wights (D:7)
  3 howler monkeys (D:7)
  6 hounds
  A gnoll bouda (D:6)
  An orc priest (D:6)
  2 sleepcaps
  2 iguanas (D:5)
  Ijyb (D:5)
  8 orc wizards
  13 gnolls
  8 adders
  A shadow imp (D:6)
  A white imp (D:7)
  A worm (D:5)
  24 orcs
  10 ball pythons
  9 endoplasms
  7 giant cockroaches
  7 goblins
  9 hobgoblins
  5 jackals
  12 kobolds
  3 quokkas
  2 bats
  4 frilled lizards
  6 rats
173 creatures vanquished.

Notes
Turn   | Place    | Note
-------+----------+-------------------------------------------
     0 | D:1      | BigDaddyOpFi the Minotaur Hunter began the quest for the
                  | Orb.
     0 | D:1      | Reached XP level 1. HP: 18/18 MP: 0/0
    99 | D:1      | Reached skill level 1 in Stealth
   145 | D:1      | Reached XP level 2. HP: 24/25 MP: 1/1
   895 | D:2      | Reached XP level 3. HP: 31/31 MP: 2/2
  1113 | D:2      | Reached XP level 4. HP: 38/38 MP: 3/3
  1673 | D:2      | Reached skill level 5 in Ranged Weapons
  2313 | D:3      | Reached XP level 5. HP: 45/46 MP: 4/4
  2924 | D:4      | Reached skill level 1 in Polearms
  2952 | D:4      | Reached XP level 6. HP: 17/53 MP: 5/5
  3272 | D:4      | Noticed Grinder
  3279 | D:4      | Paralysed by Grinder for 3 turns
  4101 | D:4      | Killed Grinder
  4102 | D:4      | Reached XP level 7. HP: 60/60 MP: 6/6
  4115 | D:4      | Reached skill level 5 in Fighting
  4520 | D:5      | Entered Level 5 of the Dungeon
  5731 | D:5      | Noticed Blork the orc
  5734 | D:5      | Killed Blork the orc
  5786 | D:5      | Noticed Prince Ribbit
  5789 | D:5      | Killed Prince Ribbit
  5790 | D:5      | Reached skill level 5 in Dodging
  6585 | D:5      | Reached XP level 8. HP: 67/70 MP: 7/7
  6589 | D:5      | Noticed Ijyb
  6589 | D:5      | Noticed Pikel
  6594 | D:5      | Killed Pikel
  6597 | D:5      | Killed Ijyb
  6803 | D:5      | Found Bicziape's General Store.
  6912 | D:5      | Reached skill level 5 in Polearms
  6939 | D:5      | Found a runed translucent door.
  7243 | D:5      | Noticed Edmund
  7248 | D:5      | Killed Edmund
  8215 | D:6      | Reached XP level 9. HP: 55/78 MP: 8/8
  8420 | D:6      | Reached skill level 5 in Stealth
  9268 | D:7      | Found a basalt altar of Yredelemnul.
  9538 | D:7      | Noticed a troll
  9573 | D:7      | Killed a troll
 10019 | D:7      | Found a staircase to the Ecumenical Temple.
 10043 | Temple   | Entered the Ecumenical Temple
 10266 | Temple   | Became a worshipper of Hepliaklqana the Forgotten
 10744 | D:7      | Reached skill level 1 in Invocations
 10760 | D:7      | Noticed a manticore
 10792 | D:7      | Slain by a manticore

Illustrated notes

Levels and vault maps discovered:
D:1:      psy_arrival_statuary, layout_loops_ring
D:2:      layout_basic, serial_co_window_serial, co_window_paths_a,
          co_window_corner_a, co_window_paths_a, co_window_paths_a,
          co_window_of_opportunity_a, co_window_unsneaky_path_d,
          co_window_broadway_b, co_window_unsneaky_path_c, co_window_4corner_b,
          co_window_paths_e, glass_columns_c, glass_columns_c, glass_columns_b,
          glass_columns_b, glass_columns_a, grunt_ministairs_9
D:3:      layout_rooms, serial_rivers, chequers_serial_rivers_micro_d,
          chequers_serial_rivers_marsh, chequers_serial_rivers_micro_a,
          chequers_serial_rivers_room_a, chequers_serial_rivers_room_b
D:4:      layout_basic, uniq_grinder
D:5:      layout_layer_cave, serial_shops, nicolae_shop_advertising_works
          [nicolae_subvault_shop_adworks], st_stairs_4, lightli_church_of_beogh,
          uniq_ijyb, uniq_pikel, uniq_blork_the_orc, uniq_edmund,
          uniq_prince_ribbit1
D:6:      layout_basic
D:7:      minmay_the_grid_plus_closed [minmay_the_grid_broken_lines,
          minmay_the_grid_holed_spiral, minmay_the_grid_mess,
          minmay_the_grid_outer_circle, minmay_the_grid_prize_inner_circle],
          layout_basic, mainiacjoe_overflow_chevrons,
          minmay_temple_entry_butterflies
Temple:   eino_narrow_crystal_temple

Skill      XL: |  1  2  3  4  5  6  7  8  9 |
---------------+----------------------------+-----
Stealth        | 1 2 3 4 5 |  5.8
Fighting       | 3 4 5 6 8 |  8.1
Dodging        | 3 4 5 6 7 |  7.3
Ranged Weapons | 5 6 7 8 |  8.4
Polearms       | 1 2 3 5 6 |  6.8
Invocations    | 1 |  1.0

Action                     |  1- 3 |  4- 6 |  7- 9 || total
---------------------------+-------+-------+-------++-------
  Melee: Short sword       |       |     4 |       ||     4
         Spear             |       |    45 |    19 ||    64
         Headbutt          |       |     8 |     4 ||    12
         Punch             |       |       |     1 ||     1
   Fire: Shortbow          |   113 |    96 |       ||   209
         Triple crossbow   |       |    18 |   230 ||   248
    Use: Scroll            |     5 |     3 |     4 ||    12
         Potion            |       |     3 |     4 ||     7
 Armour: Leather armour    |    10 |     3 |       ||    13
         Chain mail        |       |    59 |   159 ||   218
  Dodge: Dodged            |    30 |    46 |   120 ||   196

Table legend: (Time is in decaauts)
 A = Elapsed time spent in this place.
 B = Non-inter-level travel time spent in this place.
 C = Inter-level travel time spent in this place.
 D = Time resting spent in this place.
 E = Time spent auto-exploring this place.
 F = Levels seen in this place.
 G = Mean time per level.
                   A        B        C        D        E       F      G
               +--------+--------+--------+--------+--------+-----+--------+
         Total |  11208 |  11071 |    137 |   3743 |   5723 |   8 | 1401.0 |
       Dungeon |  10635 |  10498 |    137 |   3212 |   5723 |   7 | 1519.3 |
        Temple |    573 |    573 |      0 |    531 |      0 |   1 |  573.0 |
               +--------+--------+--------+--------+--------+-----+--------+

Top non-repeatable levels by time:
     D:5: 3343 daAuts
     D:4: 1818 daAuts
     D:6: 1611 daAuts
     D:2: 1081 daAuts
     D:7: 1038 daAuts
     D:1: 898 daAuts
     D:3: 844 daAuts
  Temple: 573 daAuts
